Stars vs Kings

Created - November 3, 2016 at 18:09

Goals
1 2 3 T
Stars 2 2 1 5
Kings 1 1 1 3
Shots
1 2 3 T
Stars 9 10 12 31
Kings 6 7 10 23

1st period

1. Kings , Daniel Sedin 6 (Jonathan Toews) at 8:52
2. Stars , David Backes 2 (Olli Maatta, John Mitchell) at 12:57 (PP)
3. Stars , Olli Maatta 1 (Sidney Crosby, David Backes) at 16:40

Penalties :
Jonathan Toews (LOS) for Roughing (Minor) at 11:22

2nd period

4. Stars , David Backes 3 (Jonathan Huberdeau, Kris Letang) at 6:48
5. Kings , Daniel Sedin 7 (Jonathan Toews, Alexei Emelin) at 9:25
6. Stars , Nikita Kucherov 4 (Duncan Keith) at 18:29

Penalties :
Victor Rask (LOS) for Roughing (Minor) at 15:00

3rd period

7. Kings , Patrik Berglund 4 (Mikael Granlund, Matt Niskanen) at 1:52 (PP)
8. Stars , David Backes 4 (Sidney Crosby, Jonathan Huberdeau) at 9:20

Penalties :
Mark Stuart (DAL) for Hooking (Minor) at 0:16, Patrik Berglund (LOS) for High sticking (Double Minor) at 14:13

Goalie Stats

Jonathan Quick (DAL), 20 saves from 23 shots - (0.870), W, 4-5-0, 60:00 minutes
Scott Wedgewood (LOS), 11 saves from 12 shots - (0.917), 21:31 minutes
Steve Mason (LOS), 15 saves from 19 shots - (0.789), L, 6-3-3, 38:29 minutes

Players Stats for Stars

Player Name              G  A  P  +/- PIM S  H  SB GA TA FO     MP     PP MP  PK MP  
------------------------------------------------------------------------------------
Adam Pardy               0  0  0   2  0   0  0  1  0  0  0/0    19:06   0:00   0:00 
Brad Malone              0  0  0   0  0   1  2  0  0  0  0/0     3:56   0:58   0:00 
Brandon Manning          0  0  0   0  0   0  0  0  0  0  0/0     0:00   0:00   0:00 
Clayton Stoner           0  0  0  -1  0   0  1  1  0  0  0/0    14:39   0:16   0:32 
Cody McLeod              0  0  0  -2  0   1  1  0  0  0  1/1    13:45   0:00   0:00 
David Backes             3  1  4   3  0   3  2  1  0  0  3/6    21:45   3:22   0:00 
Duncan Keith             0  1  1   1  0   4  0  0  0  0  0/0    23:16   4:18   1:04 
John Mitchell            0  1  1  -2  0   3  0  1  0  0  8/18   17:09   4:04   0:00 
Jonathan Huberdeau       0  2  2   3  0   2  0  1  0  0  1/6    22:37   3:29   0:45 
Kris Letang              0  1  1   2  0   2  4  2  0  0  0/0    26:37   4:18   1:04 
Mark Stuart              0  0  0   1  2   0  1  0  0  0  0/0    18:43   2:59   0:00 
Nikita Kucherov          1  0  1   1  0   4  0  0  0  0  2/3    23:37   3:29   0:45 
Olli Maatta              1  1  2  -1  0   2  0  1  0  0  0/0    17:38   3:15   0:32 
Patrik Elias             0  0  0   1  0   3  0  0  0  0  0/3    20:58   3:48   0:51 
Rob Scuderi              0  0  0   0  0   0  0  0  0  0  0/0     0:00   0:00   0:00 
Ryan Callahan            0  0  0   1  0   1  2  0  0  0  10/20  15:45   0:00   0:00 
Sidney Crosby            0  2  2   3  0   4  0  0  0  0  15/30  25:07   3:29   0:51 
Tyler Gaudet             0  0  0  -2  0   1  1  0  0  0  0/0    13:45   0:00   0:00 

Players Stats for Kings

Player Name              G  A  P  +/- PIM S  H  SB GA TA FO     MP     PP MP  PK MP  
------------------------------------------------------------------------------------
Alexei Emelin            0  1  1   1  0   0  2  0  0  0  0/0    18:55   0:00   3:11 
Chris Kunitz             0  0  0  -2  0   1  1  0  0  0  0/0    11:57   0:45   1:48 
Colton Sceviour          0  0  0  -2  0   1  0  0  0  0  6/14   13:16   0:00   3:52 
Dan Hamhuis              0  0  0  -2  0   0  2  2  0  0  0/0    25:39   0:51   4:00 
Daniel Sedin             2  0  2   0  0   9  0  1  0  0  2/2    20:07   0:51   0:00 
Derek MacKenzie          0  0  0   0  0   0  1  0  0  0  7/13    8:08   0:00   1:57 
Evgeny Medvedev          0  0  0  -1  0   0  0  3  0  0  0/0    15:09   0:00   0:50 
Fedor Tyutin             0  0  0  -1  0   0  2  2  0  0  0/0    14:41   0:00   0:22 
J.T. Brown               0  0  0  -2  0   0  1  1  0  0  0/1    14:00   0:00   4:36 
Jonathan Toews           0  2  2   0  2   4  5  0  0  0  20/35  22:37   0:51   2:31 
Matt Niskanen            0  1  1   1  0   1  3  3  0  0  0/0    23:25   0:45   3:32 
Mikael Granlund          0  1  1   0  0   2  1  0  0  0  9/19   17:07   0:45   0:22 
Nikita Soshnikov         0  0  0   0  0   0  1  0  0  0  0/0     6:11   0:00   0:00 
Niklas Kronwall          0  0  0  -2  0   0  3  2  0  0  0/0    21:20   0:45   3:11 
Oscar Lindberg           0  0  0   0  0   0  0  0  0  0  0/0     6:11   0:00   0:00 
Patrik Berglund          1  0  1   0  4   3  0  0  0  0  2/2    16:44   0:45   0:00 
Scott Hartnell           0  0  0   0  0   1  0  0  0  0  0/0    16:51   0:51   0:00 
Victor Rask              0  0  0   0  2   1  0  0  0  0  1/1    20:06   0:51   0:00 

3 Stars

1 - David Backes (DAL)
2 - Daniel Sedin (LOS)
3 - Jonathan Huberdeau (DAL)

Power Play

Stars - 1 on 4 Attempt(s) - 25.00%
Kings - 1 on 1 Attempt(s) - 100.00%

Penalty Kill

Stars - 0 on 1 Attempt(s) - 0.00% - Score 0 goal in Penalty Kill
Kings - 3 on 4 Attempt(s) - 75.00% - Score 0 goal in Penalty Kill

Team Stat

Stars - Hits : 14 - Faceoff Wins : 40 - Blocked Shots : 8 - Penalty Minutes : 2
Kings - Hits : 22 - Faceoff Wins : 47 - Blocked Shots : 14 - Penalty Minutes : 8

Official

Referees : Brad Meier and Dan O'Rourke
Linesman : Derek Amell and David Brisebois

Game Notes

Scott Wedgewood enters game at 18:29 of 2nd period
David Backes has scored a Hat Trick!

Finance

Level 1 -- Attendance: 6500 (100.00%) -- Ticket Income $468,000
Level 2 -- Attendance: 5000 (100.00%) -- Ticket Income $310,000
Level 3 -- Attendance: 3049 (87.11%) -- Ticket Income $134,156
Level 4 -- Attendance: 2118 (100.00%) -- Ticket Income $86,838
Luxury Box -- Attendance: 924 (92.40%) -- Ticket Income $170,940
Game was played at the Staples Center.
Total Attendance: 17591 (97.09%)
Total Ticket Income: $1,169,934
Other Income: $175,490
Total Income: $1,345,424

% Time on Ice - Stars

Lines # - Real PCT - Wanted PCT - Time Play
Normal Forward
1 - 36% - 38% - 18:23
2 - 31% - 35% - 15:45
3 - 27% - 15% - 13:45
4 - 6% - 12% - 2:58
Normal Defense
1 - 38% - 40% - 19:06
2 - 31% - 35% - 15:45
3 - 27% - 15% - 13:51
4 - 4% - 10% - 2:09
PP Forward
1 - 46% - 50% - 3:29
2 - 54% - 50% - 4:04
PP Defense
1 - 57% - 50% - 4:18
2 - 43% - 50% - 3:15
PK Forward
1 - 47% - 50% - 0:45
2 - 53% - 50% - 0:51
PK Defense
1 - 33% - 50% - 0:32
2 - 67% - 50% - 1:04
PK3 Forward
1 - 0% - 50%
2 - 0% - 50%
PK3 Defense
1 - 0% - 50%
2 - 0% - 50%
44 Forward
1 - 0% - 50%
2 - 0% - 50%
44 Defense
1 - 0% - 50%
2 - 0% - 50%
Last Minute Offensive  - 0:00
Last Minute Defensive  - 0:00
Total
Forward - 60:00
Defense - 60:00

% Time on Ice - Kings

Lines # - Real PCT - Wanted PCT - Time Play
Normal Forward
1 - 38% - 40% - 19:16
2 - 31% - 30% - 16:00
3 - 18% - 20% - 9:24
4 - 12% - 10% - 6:11
Normal Defense
1 - 33% - 40% - 16:58
2 - 31% - 30% - 15:44
3 - 28% - 20% - 14:19
4 - 8% - 10% - 3:50
PP Forward
1 - 53% - 60% - 0:51
2 - 47% - 40% - 0:45
PP Defense
1 - 47% - 60% - 0:45
2 - 53% - 40% - 0:51
PK Forward
1 - 85% - 60% - 6:24
2 - 15% - 40% - 1:09
PK Defense
1 - 62% - 60% - 4:43
2 - 38% - 40% - 2:50
PK3 Forward
1 - 0% - 60%
2 - 0% - 40%
PK3 Defense
1 - 0% - 60%
2 - 0% - 40%
44 Forward
1 - 0% - 60%
2 - 0% - 40%
44 Defense
1 - 0% - 60%
2 - 0% - 40%
Last Minute Offensive  - 0:00
Last Minute Defensive  - 0:00
Total
Forward - 60:00
Defense - 60:00

Play by Play

1st period


0:01 of 1st period - Daniel Sedin wins face-off versus Sidney Crosby in neutral zone.
0:15 of 1st period - Adam Pardy is hit by Niklas Kronwall and loses puck.
0:21 of 1st period - Icing by Niklas Kronwall.
0:22 of 1st period - Jonathan Toews wins face-off versus Ryan Callahan in Kings zone.
0:22 of 1st period - Jonathan Toews is hit by Ryan Callahan.
0:32 of 1st period - Shot by Jonathan Toews.
0:32 of 1st period - Stopped by Jonathan Quick without a rebound.
0:33 of 1st period - Mikael Granlund wins face-off versus John Mitchell in Stars zone.
0:46 of 1st period - Shot by Scott Hartnell.
0:46 of 1st period - Deflect By Patrik Berglund.
0:46 of 1st period - Shot Misses the Net.
0:48 of 1st period - Shot by Patrik Berglund.
0:48 of 1st period - Shot Misses the Net.
1:12 of 1st period - Shot by Mikael Granlund.
1:12 of 1st period - Stopped by Jonathan Quick without a rebound.
1:13 of 1st period - Nikita Kucherov wins face-off versus Colton Sceviour in Stars zone.
2:17 of 1st period - Jonathan Huberdeau is hit by Niklas Kronwall and loses puck.
2:21 of 1st period - Icing by Niklas Kronwall.
2:22 of 1st period - Cody McLeod wins face-off versus Jonathan Toews in Kings zone.
2:22 of 1st period - Cody McLeod is hit by Niklas Kronwall.
2:42 of 1st period - Shot by Daniel Sedin.
2:42 of 1st period - Stopped by Jonathan Quick without a rebound.
2:43 of 1st period - Sidney Crosby wins face-off versus Derek MacKenzie in Stars zone.
3:16 of 1st period - Shot by Jonathan Huberdeau.
3:16 of 1st period - Shot Misses the Net.
3:18 of 1st period - Shot by David Backes.
3:18 of 1st period - Shot Blocked by Matt Niskanen.
4:12 of 1st period - Off-side.
4:13 of 1st period - John Mitchell wins face-off versus Jonathan Toews in neutral zone.
5:35 of 1st period - Shot by Colton Sceviour.
5:35 of 1st period - Deflect By Chris Kunitz.
5:35 of 1st period - Shot Misses the Net.
5:43 of 1st period - Chris Kunitz is hit by Brad Malone and loses puck.
5:48 of 1st period - Shot by Nikita Kucherov.
5:48 of 1st period - Shot Misses the Net.
6:28 of 1st period - Shot by David Backes.
6:28 of 1st period - Shot Blocked by Niklas Kronwall.
6:40 of 1st period - Shot by David Backes.
6:40 of 1st period - Shot Misses the Net.
6:42 of 1st period - Shot by Kris Letang.
6:42 of 1st period - Stopped by Steve Mason without a rebound.
6:43 of 1st period - Derek MacKenzie wins face-off versus Ryan Callahan in Kings zone.
6:47 of 1st period - Off-side.
6:48 of 1st period - Jonathan Toews wins face-off versus Sidney Crosby in neutral zone.
7:22 of 1st period - Jonathan Huberdeau is hit by Jonathan Toews and loses puck.
8:11 of 1st period - Icing by Matt Niskanen.
8:12 of 1st period - Ryan Callahan wins face-off versus Mikael Granlund in Kings zone.
8:12 of 1st period - Ryan Callahan is hit by Matt Niskanen.
8:17 of 1st period - Nikita Kucherov is hit by Matt Niskanen and loses puck.
8:25 of 1st period - Icing by Alexei Emelin.
8:26 of 1st period - John Mitchell wins face-off versus Mikael Granlund in Kings zone.
8:30 of 1st period - John Mitchell is hit by Matt Niskanen and loses puck.
8:50 of 1st period - Icing by Olli Maatta.
8:51 of 1st period - Jonathan Toews wins face-off versus John Mitchell in Stars zone.
8:52 of 1st period - Shot by Daniel Sedin.
8:52 of 1st period - Goal by Daniel Sedin - Stars : 0 - Kings : 1.
8:53 of 1st period - Ryan Callahan wins face-off versus Jonathan Toews in neutral zone.
8:55 of 1st period - Off-side.
8:56 of 1st period - Jonathan Toews wins face-off versus Ryan Callahan in neutral zone.
9:01 of 1st period - Kris Letang is hit by Jonathan Toews and loses puck.
9:47 of 1st period - Icing by Adam Pardy.
9:48 of 1st period - Derek MacKenzie wins face-off versus Nikita Kucherov in Stars zone.
11:22 of 1st period - Minor Penalty to Jonathan Toews for Roughing.
11:23 of 1st period - Colton Sceviour wins face-off versus David Backes in Kings zone.
11:49 of 1st period - Shot by Olli Maatta.
11:49 of 1st period - Shot Misses the Net.
12:53 of 1st period - Shot by Brad Malone.
12:53 of 1st period - Stopped by Steve Mason with a rebound.
12:55 of 1st period - Shot by John Mitchell.
12:55 of 1st period - Shot Blocked by Matt Niskanen.
12:57 of 1st period - Shot by Olli Maatta.
12:57 of 1st period - Deflect By David Backes.
12:57 of 1st period - Goal by David Backes - Stars : 1 - Kings : 1.
12:58 of 1st period - Jonathan Toews wins face-off versus John Mitchell in neutral zone.
13:10 of 1st period - Victor Rask is hit by Kris Letang.
13:20 of 1st period - Shot by Jonathan Toews.
13:20 of 1st period - Deflect By Daniel Sedin.
13:20 of 1st period - Stopped by Jonathan Quick without a rebound.
13:21 of 1st period - Mikael Granlund wins face-off versus Ryan Callahan in Stars zone.
14:03 of 1st period - Icing by Dan Hamhuis.
14:04 of 1st period - Sidney Crosby wins face-off versus Mikael Granlund in Kings zone.
14:07 of 1st period - Shot by Sidney Crosby.
14:07 of 1st period - Stopped by Steve Mason without a rebound.
14:08 of 1st period - Jonathan Toews wins face-off versus Jonathan Huberdeau in Kings zone.
14:41 of 1st period - Shot by Daniel Sedin.
14:41 of 1st period - Stopped by Jonathan Quick without a rebound.
14:42 of 1st period - John Mitchell wins face-off versus Colton Sceviour in Stars zone.
15:31 of 1st period - Matt Niskanen is hit by Tyler Gaudet and loses puck.
15:44 of 1st period - Shot by Nikita Kucherov.
15:44 of 1st period - Stopped by Steve Mason without a rebound.
15:45 of 1st period - Ryan Callahan wins face-off versus Jonathan Toews in Kings zone.
15:54 of 1st period - Shot by Nikita Kucherov.
15:54 of 1st period - Shot Misses the Net.
15:56 of 1st period - Shot by Ryan Callahan.
15:56 of 1st period - Shot Hit the Post.
16:16 of 1st period - Shot by Ryan Callahan.
16:16 of 1st period - Stopped by Steve Mason with a rebound.
16:38 of 1st period - Shot by David Backes.
16:38 of 1st period - Deflect By Sidney Crosby.
16:38 of 1st period - Stopped by Steve Mason with a rebound.
16:40 of 1st period - Shot by Olli Maatta.
16:40 of 1st period - Goal by Olli Maatta - Stars : 2 - Kings : 1.
16:41 of 1st period - Mikael Granlund wins face-off versus Jonathan Huberdeau in neutral zone.
16:56 of 1st period - Shot by Jonathan Huberdeau.
16:56 of 1st period - Shot Blocked by Evgeny Medvedev.
17:09 of 1st period - Off-side.
17:10 of 1st period - Colton Sceviour wins face-off versus John Mitchell in neutral zone.
18:02 of 1st period - Nikita Kucherov is hit by Alexei Emelin and loses puck.
18:15 of 1st period - Off-side.
18:16 of 1st period - Jonathan Toews wins face-off versus Jonathan Huberdeau in neutral zone.
18:38 of 1st period - Victor Rask is hit by David Backes and loses puck.
18:57 of 1st period - Shot by David Backes.
18:57 of 1st period - Shot Blocked by Dan Hamhuis.
18:59 of 1st period - Shot by Olli Maatta.
18:59 of 1st period - Shot Misses the Net.
19:45 of 1st period - Shot by Kris Letang.
19:45 of 1st period - Shot Blocked by Fedor Tyutin.
19:47 of 1st period - Shot by Duncan Keith.
19:47 of 1st period - Stopped by Steve Mason without a rebound.
19:48 of 1st period - John Mitchell wins face-off versus Derek MacKenzie in Kings zone.
19:58 of 1st period - Icing by Alexei Emelin.
19:59 of 1st period - Derek MacKenzie wins face-off versus Sidney Crosby in Kings zone.
Goals for this period are 2 for Stars vs 1 for Kings.
Shots for this period are 9 for Stars vs 6 for Kings.

2nd period


0:01 of 2nd period - Jonathan Toews wins face-off versus Sidney Crosby in neutral zone.
0:01 of 2nd period - Jonathan Toews is hit by Brad Malone.
0:31 of 2nd period - Shot by Daniel Sedin.
0:31 of 2nd period - Deflect By Jonathan Toews.
0:31 of 2nd period - Shot Misses the Net.
0:41 of 2nd period - Shot by Daniel Sedin.
0:41 of 2nd period - Stopped by Jonathan Quick with a rebound.
0:52 of 2nd period - Icing by Nikita Kucherov.
0:53 of 2nd period - Sidney Crosby wins face-off versus Mikael Granlund in Stars zone.
1:14 of 2nd period - Shot by Mikael Granlund.
1:14 of 2nd period - Shot Misses the Net.
1:20 of 2nd period - Shot by Mikael Granlund.
1:20 of 2nd period - Shot Misses the Net.
1:22 of 2nd period - Shot by Scott Hartnell.
1:22 of 2nd period - Stopped by Jonathan Quick without a rebound.
1:23 of 2nd period - Sidney Crosby wins face-off versus Colton Sceviour in Stars zone.
1:39 of 2nd period - Icing by Matt Niskanen.
1:40 of 2nd period - Colton Sceviour wins face-off versus John Mitchell in Kings zone.
1:47 of 2nd period - Icing by Mark Stuart.
1:48 of 2nd period - Jonathan Toews wins face-off versus John Mitchell in Stars zone.
1:48 of 2nd period - Jonathan Toews is hit by Mark Stuart.
1:54 of 2nd period - Shot by Daniel Sedin.
1:54 of 2nd period - Stopped by Jonathan Quick without a rebound.
1:55 of 2nd period - Jonathan Toews wins face-off versus Patrik Elias in Stars zone.
2:01 of 2nd period - Icing by Kris Letang.
2:02 of 2nd period - Ryan Callahan wins face-off versus Mikael Granlund in Stars zone.
2:09 of 2nd period - Shot by Nikita Kucherov.
2:09 of 2nd period - Shot Blocked by Dan Hamhuis.
2:33 of 2nd period - Shot by Scott Hartnell.
2:33 of 2nd period - Shot Misses the Net.
4:35 of 2nd period - Shot by Colton Sceviour.
4:35 of 2nd period - Shot Misses the Net.
4:37 of 2nd period - Shot by Fedor Tyutin.
4:37 of 2nd period - Shot Misses the Net.
4:39 of 2nd period - Shot by J.T. Brown.
4:39 of 2nd period - Shot Misses the Net.
4:52 of 2nd period - Icing by Evgeny Medvedev.
4:53 of 2nd period - Ryan Callahan wins face-off versus J.T. Brown in Kings zone.
4:54 of 2nd period - Shot by Kris Letang.
4:54 of 2nd period - Shot Blocked by J.T. Brown.
5:02 of 2nd period - Shot by Ryan Callahan.
5:02 of 2nd period - Shot Misses the Net.
5:32 of 2nd period - Kris Letang is hit by Dan Hamhuis and loses puck.
5:56 of 2nd period - Icing by Jonathan Huberdeau.
5:57 of 2nd period - Daniel Sedin wins face-off versus David Backes in Stars zone.
6:00 of 2nd period - Shot by Daniel Sedin.
6:00 of 2nd period - Shot Misses the Net.
6:10 of 2nd period - Shot by Jonathan Toews.
6:10 of 2nd period - Stopped by Jonathan Quick without a rebound.
6:11 of 2nd period - Derek MacKenzie wins face-off versus John Mitchell in Stars zone.
6:42 of 2nd period - Shot by John Mitchell.
6:42 of 2nd period - Stopped by Steve Mason without a rebound.
6:43 of 2nd period - Sidney Crosby wins face-off versus Jonathan Toews in Kings zone.
6:46 of 2nd period - Shot by Jonathan Huberdeau.
6:46 of 2nd period - Shot Misses the Net.
6:48 of 2nd period - Shot by David Backes.
6:48 of 2nd period - Goal by David Backes - Stars : 3 - Kings : 1.
6:49 of 2nd period - Sidney Crosby wins face-off versus Jonathan Toews in neutral zone.
7:16 of 2nd period - Shot by Jonathan Huberdeau.
7:16 of 2nd period - Stopped by Steve Mason without a rebound.
7:17 of 2nd period - Ryan Callahan wins face-off versus Mikael Granlund in Kings zone.
7:18 of 2nd period - Shot by Nikita Kucherov.
7:18 of 2nd period - Shot Misses the Net.
7:20 of 2nd period - Shot by Duncan Keith.
7:20 of 2nd period - Stopped by Steve Mason with a rebound.
7:30 of 2nd period - Shot by Nikita Kucherov.
7:30 of 2nd period - Deflect By Patrik Elias.
7:30 of 2nd period - Shot Misses the Net.
7:32 of 2nd period - Shot by Patrik Elias.
7:32 of 2nd period - Stopped by Steve Mason without a rebound.
7:33 of 2nd period - Colton Sceviour wins face-off versus Sidney Crosby in Kings zone.
9:14 of 2nd period - Jonathan Toews is hit by Clayton Stoner and loses puck.
9:25 of 2nd period - Shot by Daniel Sedin.
9:25 of 2nd period - Goal by Daniel Sedin - Stars : 3 - Kings : 2.
9:26 of 2nd period - Sidney Crosby wins face-off versus Mikael Granlund in neutral zone.
9:26 of 2nd period - Sidney Crosby is hit by Mikael Granlund.
9:45 of 2nd period - Shot by Patrik Berglund.
9:45 of 2nd period - Shot Blocked by Kris Letang.
9:47 of 2nd period - Shot by Fedor Tyutin.
9:47 of 2nd period - Shot Blocked by Adam Pardy.
10:18 of 2nd period - Icing by Sidney Crosby.
10:19 of 2nd period - Sidney Crosby wins face-off versus Jonathan Toews in Stars zone.
10:32 of 2nd period - Shot by Daniel Sedin.
10:32 of 2nd period - Shot Misses the Net.
11:10 of 2nd period - Shot by Ryan Callahan.
11:10 of 2nd period - Shot Misses the Net.
11:36 of 2nd period - Icing by Daniel Sedin.
11:37 of 2nd period - Jonathan Toews wins face-off versus Sidney Crosby in Kings zone.
12:42 of 2nd period - Shot by Olli Maatta.
12:42 of 2nd period - Shot Misses the Net.
12:44 of 2nd period - Shot by Olli Maatta.
12:44 of 2nd period - Stopped by Steve Mason with a rebound.
12:50 of 2nd period - Shot by John Mitchell.
12:50 of 2nd period - Shot Blocked by Fedor Tyutin.
12:52 of 2nd period - Shot by Cody McLeod.
12:52 of 2nd period - Stopped by Steve Mason without a rebound.
12:53 of 2nd period - Sidney Crosby wins face-off versus Derek MacKenzie in Kings zone.
13:04 of 2nd period - Shot by Jonathan Huberdeau.
13:04 of 2nd period - Stopped by Steve Mason without a rebound.
13:05 of 2nd period - Colton Sceviour wins face-off versus Ryan Callahan in Kings zone.
13:24 of 2nd period - Shot by Chris Kunitz.
13:24 of 2nd period - Stopped by Jonathan Quick without a rebound.
13:25 of 2nd period - David Backes wins face-off versus Derek MacKenzie in Stars zone.
13:25 of 2nd period - David Backes is hit by Derek MacKenzie.
13:28 of 2nd period - Duncan Keith is hit by Nikita Soshnikov and loses puck.
13:56 of 2nd period - Icing by Derek MacKenzie.
13:57 of 2nd period - Derek MacKenzie wins face-off versus Ryan Callahan in Kings zone.
13:59 of 2nd period - Icing by Matt Niskanen.
14:00 of 2nd period - Derek MacKenzie wins face-off versus Ryan Callahan in Kings zone.
14:18 of 2nd period - Off-side.
14:19 of 2nd period - Sidney Crosby wins face-off versus Jonathan Toews in neutral zone.
14:19 of 2nd period - Sidney Crosby is hit by Jonathan Toews.
15:00 of 2nd period - Minor Penalty to Victor Rask for Roughing.
15:01 of 2nd period - Jonathan Toews wins face-off versus David Backes in Kings zone.
16:22 of 2nd period - Matt Niskanen is hit by Kris Letang and loses puck.
16:45 of 2nd period - Shot by Patrik Elias.
16:45 of 2nd period - Deflect By John Mitchell.
16:45 of 2nd period - Shot Misses the Net.
17:07 of 2nd period - Shot by Nikita Kucherov.
17:07 of 2nd period - Shot Misses the Net.
17:09 of 2nd period - Shot by Olli Maatta.
17:09 of 2nd period - Shot Blocked by Evgeny Medvedev.
17:22 of 2nd period - Nikita Kucherov is hit by Fedor Tyutin and loses puck.
17:31 of 2nd period - Shot by Nikita Kucherov.
17:31 of 2nd period - Shot Misses the Net.
17:49 of 2nd period - Shot by Jonathan Huberdeau.
17:49 of 2nd period - Deflect By David Backes.
17:49 of 2nd period - Shot Misses the Net.
17:51 of 2nd period - Shot by Sidney Crosby.
17:51 of 2nd period - Stopped by Steve Mason without a rebound.
17:52 of 2nd period - Sidney Crosby wins face-off versus Jonathan Toews in Kings zone.
17:52 of 2nd period - Jonathan Huberdeau is hit by Alexei Emelin and loses puck.
18:04 of 2nd period - Shot by Daniel Sedin.
18:04 of 2nd period - Shot Blocked by David Backes.
18:06 of 2nd period - Shot by Jonathan Toews.
18:06 of 2nd period - Shot Misses the Net.
18:08 of 2nd period - Shot by Jonathan Toews.
18:08 of 2nd period - Shot Blocked by Kris Letang.
18:14 of 2nd period - Shot by Jonathan Toews.
18:14 of 2nd period - Stopped by Jonathan Quick without a rebound.
18:15 of 2nd period - Ryan Callahan wins face-off versus Colton Sceviour in Stars zone.
18:22 of 2nd period - Colton Sceviour is hit by Ryan Callahan and loses puck.
18:29 of 2nd period - Shot by Nikita Kucherov.
18:29 of 2nd period - Goal by Nikita Kucherov - Stars : 4 - Kings : 2.
18:29 of 2nd period - Scott Wedgewood enters game.
18:30 of 2nd period - John Mitchell wins face-off versus Jonathan Toews in neutral zone.
18:33 of 2nd period - Shot by Cody McLeod.
18:33 of 2nd period - Shot Misses the Net.
Goals for this period are 2 for Stars vs 1 for Kings.
Shots for this period are 10 for Stars vs 7 for Kings.

3rd period


0:01 of 3rd period - Jonathan Toews wins face-off versus Ryan Callahan in neutral zone.
0:16 of 3rd period - Minor Penalty to Mark Stuart for Hooking.
0:17 of 3rd period - Jonathan Huberdeau wins face-off versus Mikael Granlund in Stars zone.
0:34 of 3rd period - Shot by Mikael Granlund.
0:34 of 3rd period - Shot Misses the Net.
0:36 of 3rd period - Shot by Matt Niskanen.
0:36 of 3rd period - Stopped by Jonathan Quick without a rebound.
0:37 of 3rd period - Jonathan Toews wins face-off versus Patrik Elias in Stars zone.
1:36 of 3rd period - Icing by Matt Niskanen.
1:37 of 3rd period - Mikael Granlund wins face-off versus Patrik Elias in Kings zone.
1:52 of 3rd period - Shot by Patrik Berglund.
1:52 of 3rd period - Goal by Patrik Berglund - Stars : 4 - Kings : 3.
1:53 of 3rd period - John Mitchell wins face-off versus Derek MacKenzie in neutral zone.
2:22 of 3rd period - Shot by Tyler Gaudet.
2:22 of 3rd period - Stopped by Scott Wedgewood with a rebound.
2:26 of 3rd period - Shot by John Mitchell.
2:26 of 3rd period - Shot Misses the Net.
2:58 of 3rd period - Shot by Patrik Elias.
2:58 of 3rd period - Shot Misses the Net.
3:08 of 3rd period - Shot by Patrik Elias.
3:08 of 3rd period - Deflect By Nikita Kucherov.
3:08 of 3rd period - Stopped by Scott Wedgewood without a rebound.
3:09 of 3rd period - Jonathan Toews wins face-off versus Sidney Crosby in Kings zone.
3:22 of 3rd period - Shot by Jonathan Toews.
3:22 of 3rd period - Shot Blocked by Jonathan Huberdeau.
3:24 of 3rd period - Shot by Niklas Kronwall.
3:24 of 3rd period - Shot Misses the Net.
3:50 of 3rd period - Shot by Victor Rask.
3:50 of 3rd period - Stopped by Jonathan Quick without a rebound.
3:51 of 3rd period - Mikael Granlund wins face-off versus Ryan Callahan in Stars zone.
3:54 of 3rd period - Shot by Patrik Berglund.
3:54 of 3rd period - Stopped by Jonathan Quick without a rebound.
3:55 of 3rd period - Mikael Granlund wins face-off versus Ryan Callahan in Stars zone.
4:00 of 3rd period - Shot by Mikael Granlund.
4:00 of 3rd period - Stopped by Jonathan Quick without a rebound.
4:01 of 3rd period - Nikita Kucherov wins face-off versus Mikael Granlund in Stars zone.
4:09 of 3rd period - Icing by Alexei Emelin.
4:10 of 3rd period - Patrik Berglund wins face-off versus Sidney Crosby in Kings zone.
4:10 of 3rd period - Patrik Berglund is hit by David Backes.
4:41 of 3rd period - Icing by Jonathan Huberdeau.
4:42 of 3rd period - Jonathan Toews wins face-off versus Sidney Crosby in Stars zone.
4:44 of 3rd period - Daniel Sedin is hit by Kris Letang and loses puck.
5:15 of 3rd period - Mark Stuart is hit by Jonathan Toews and loses puck.
5:32 of 3rd period - Shot by Ryan Callahan.
5:32 of 3rd period - Shot Blocked by Niklas Kronwall.
5:34 of 3rd period - Shot by Duncan Keith.
5:34 of 3rd period - Stopped by Scott Wedgewood without a rebound.
5:35 of 3rd period - Patrik Berglund wins face-off versus John Mitchell in Kings zone.
7:22 of 3rd period - Matt Niskanen is hit by Kris Letang.
8:01 of 3rd period - Icing by Matt Niskanen.
8:02 of 3rd period - Mikael Granlund wins face-off versus John Mitchell in Kings zone.
8:23 of 3rd period - Shot by John Mitchell.
8:23 of 3rd period - Stopped by Scott Wedgewood without a rebound.
8:24 of 3rd period - Ryan Callahan wins face-off versus Colton Sceviour in Kings zone.
9:06 of 3rd period - Icing by Fedor Tyutin.
9:07 of 3rd period - Sidney Crosby wins face-off versus Colton Sceviour in Kings zone.
9:18 of 3rd period - Shot by David Backes.
9:18 of 3rd period - Deflect By Sidney Crosby.
9:18 of 3rd period - Shot Blocked by Evgeny Medvedev.
9:20 of 3rd period - Shot by David Backes.
9:20 of 3rd period - Goal by David Backes - Stars : 5 - Kings : 3.
9:21 of 3rd period - Jonathan Toews wins face-off versus John Mitchell in neutral zone.
9:50 of 3rd period - Shot by Jonathan Toews.
9:50 of 3rd period - Shot Blocked by Clayton Stoner.
9:52 of 3rd period - Shot by Jonathan Toews.
9:52 of 3rd period - Shot Blocked by Olli Maatta.
9:54 of 3rd period - Shot by Daniel Sedin.
9:54 of 3rd period - Deflect By Jonathan Toews.
9:54 of 3rd period - Stopped by Jonathan Quick without a rebound.
9:55 of 3rd period - Derek MacKenzie wins face-off versus Sidney Crosby in Stars zone.
10:00 of 3rd period - Shot by Derek MacKenzie.
10:00 of 3rd period - Shot Misses the Net.
10:24 of 3rd period - Shot by Sidney Crosby.
10:24 of 3rd period - Deflect By Nikita Kucherov.
10:24 of 3rd period - Stopped by Scott Wedgewood without a rebound.
10:25 of 3rd period - John Mitchell wins face-off versus Jonathan Toews in Kings zone.
10:28 of 3rd period - Shot by Tyler Gaudet.
10:28 of 3rd period - Shot Misses the Net.
10:52 of 3rd period - Shot by John Mitchell.
10:52 of 3rd period - Stopped by Scott Wedgewood without a rebound.
10:53 of 3rd period - Sidney Crosby wins face-off versus Colton Sceviour in Kings zone.
11:00 of 3rd period - Shot by Sidney Crosby.
11:00 of 3rd period - Stopped by Scott Wedgewood without a rebound.
11:01 of 3rd period - Ryan Callahan wins face-off versus Colton Sceviour in Kings zone.
11:12 of 3rd period - Adam Pardy is hit by Chris Kunitz and loses puck.
11:29 of 3rd period - Shot by Colton Sceviour.
11:29 of 3rd period - Stopped by Jonathan Quick without a rebound.
11:30 of 3rd period - Jonathan Toews wins face-off versus Sidney Crosby in Stars zone.
11:54 of 3rd period - Duncan Keith is hit by Jonathan Toews and loses puck.
11:58 of 3rd period - Icing by Mark Stuart.
11:59 of 3rd period - Mikael Granlund wins face-off versus Sidney Crosby in Stars zone.
12:02 of 3rd period - Shot by Patrik Berglund.
12:02 of 3rd period - Stopped by Jonathan Quick with a rebound.
12:09 of 3rd period - Icing by Duncan Keith.
12:10 of 3rd period - Colton Sceviour wins face-off versus Jonathan Huberdeau in Stars zone.
12:20 of 3rd period - Off-side.
12:21 of 3rd period - Ryan Callahan wins face-off versus Jonathan Toews in neutral zone.
12:42 of 3rd period - Shot by Daniel Sedin.
12:42 of 3rd period - Stopped by Jonathan Quick without a rebound.
12:43 of 3rd period - Mikael Granlund wins face-off versus Sidney Crosby in Stars zone.
12:53 of 3rd period - Icing by Olli Maatta.
12:54 of 3rd period - Jonathan Toews wins face-off versus Jonathan Huberdeau in Stars zone.
13:13 of 3rd period - Shot by Daniel Sedin.
13:13 of 3rd period - Stopped by Jonathan Quick with a rebound.
14:13 of 3rd period - Double Minor Penalty to Patrik Berglund for High sticking.
14:14 of 3rd period - David Backes wins face-off versus Jonathan Toews in Kings zone.
14:17 of 3rd period - Shot by David Backes.
14:17 of 3rd period - Shot Misses the Net.
14:19 of 3rd period - Shot by Duncan Keith.
14:19 of 3rd period - Shot Misses the Net.
14:21 of 3rd period - Shot by David Backes.
14:21 of 3rd period - Shot Blocked by Matt Niskanen.
14:23 of 3rd period - Shot by Patrik Elias.
14:23 of 3rd period - Stopped by Scott Wedgewood without a rebound.
14:24 of 3rd period - Jonathan Toews wins face-off versus Sidney Crosby in Kings zone.
14:38 of 3rd period - Shot by Kris Letang.
14:38 of 3rd period - Stopped by Scott Wedgewood with a rebound.
15:23 of 3rd period - Shot by Jonathan Toews.
15:23 of 3rd period - Shot Blocked by John Mitchell.
15:44 of 3rd period - Icing by David Backes.
15:45 of 3rd period - David Backes wins face-off versus Jonathan Toews in Stars zone.
16:16 of 3rd period - Shot by Duncan Keith.
16:16 of 3rd period - Stopped by Scott Wedgewood without a rebound.
16:17 of 3rd period - Sidney Crosby wins face-off versus Derek MacKenzie in Kings zone.
16:48 of 3rd period - Icing by Jonathan Huberdeau.
16:49 of 3rd period - Sidney Crosby wins face-off versus Jonathan Toews in Stars zone.
16:58 of 3rd period - Shot by Kris Letang.
16:58 of 3rd period - Shot Misses the Net.
17:08 of 3rd period - Patrik Elias is hit by J.T. Brown and loses puck.
18:20 of 3rd period - Icing by Mikael Granlund.
18:21 of 3rd period - John Mitchell wins face-off versus Mikael Granlund in Kings zone.
18:40 of 3rd period - Scott Hartnell is hit by Cody McLeod and loses puck.
18:50 of 3rd period - John Mitchell is hit by Fedor Tyutin and loses puck.
19:10 of 3rd period - Shot by Patrik Elias.
19:10 of 3rd period - Stopped by Scott Wedgewood without a rebound.
19:11 of 3rd period - Victor Rask wins face-off versus Sidney Crosby in Kings zone.
19:29 of 3rd period - David Backes is hit by Dan Hamhuis and loses puck.
19:34 of 3rd period - Shot by Jonathan Huberdeau.
19:34 of 3rd period - Shot Blocked by Daniel Sedin.
Goals for this period are 1 for Stars vs 1 for Kings.
Shots for this period are 12 for Stars vs 10 for Kings.